Map: Rorschach LE

Players

ShoWTimE - Winner!

  • Race: Protoss Protoss
  • Spawn Location: 5:00

sebesdes

  • Race: Protoss Protoss
  • League: Grandmaster
  • Spawn Location: 7:00

Event: HomeStory Cup XXIX

VOD

Have the link to the VOD?

Description

Time

  • Played on: July 3, 2026, 11:28 a.m.
  • Length: 5:31

All games in this series

Show
View Real Time Build Order
Export as new Build Order

ShoWTimE Protoss - Winner!

Build Orders: Phoenix Opening 

Get SALT Encoding   

  8  0:00  Probe (Chrono Boost)  
  9  0:12  Probe (Chrono Boost)  
  10  0:20  Probe (Chrono Boost)  
  11  0:26  Probe  
  12  0:33  Pylon  
  12  0:38  Probe  
  13  0:51  Probe  
  13  0:55  Gateway  
  14  1:03  Probe (Chrono Boost)  
  15  1:05  Assimilator  
  15  1:13  Probe (Chrono Boost)  
  15  1:14  Assimilator  
  15  1:18  Probe (Chrono Boost)  
  17  1:29  Probe  
  18  1:41  Probe, Cybernetics Core  
  18  1:45  Gateway  
  19  1:53  Probe  
  20  1:58  Pylon  
  20  2:05  Probe  
  21  2:18  Probe  
  21  2:20  Stalker, Warp Gate (Chrono Boost)  
  24  2:30  Probe  
  24  2:33  Sentry, Phoenix  
  27  2:37  Pylon  
  27  2:42  Probe  
  28  2:55  Stalker  
  30  3:00  Sentry  
  32  3:15  Nexus  
  31  3:21  Shield Battery  
  31  3:25  Sentry  
  33  3:34  Stalker  
  35  3:41  Pylon  
  35  3:42  Probe  
  36  3:56  Probe  
  36  3:57  Shield Battery  
  37  4:07  Stalker  
  37  4:09  Probe  
  40  4:15  Stalker  
  42  4:21  Probe  
  43  4:33  Probe  
  43  4:35  Stalker  
  43  4:36  Probe  
  45  4:42  Stalker  
  45  4:46  Probe  
  45  4:48  Probe  
  47  4:54  Robotics Facility  
  45  5:00  Stalker  
  45  5:01  Probe  
  45  5:05  Sentry  
  50  5:10  Shield Battery  
  50  5:11  Probe  
Show
View Real Time Build Order
Export as new Build Order

sebesdes Protoss 

Build Orders:  

Get SALT Encoding   

  8  0:00  Probe (Chrono Boost)  
  9  0:13  Probe (Chrono Boost)  
  10  0:18  Probe (Chrono Boost)  
  11  0:27  Probe  
  12  0:32  Pylon  
  12  0:39  Probe  
  13  0:51  Probe  
  13  0:55  Gateway  
  14  1:03  Probe (Chrono Boost)  
  15  1:06  Assimilator  
  15  1:12  Probe (Chrono Boost)  
  15  1:17  Assimilator  
  15  1:18  Probe  
  17  1:30  Probe  
  18  1:34  Gateway  
  18  1:42  Probe  
  19  1:47  Cybernetics Core  
  20  1:54  Probe  
  20  1:57  Pylon  
  20  2:06  Probe  
  21  2:18  Probe  
  21  2:22  Warp Gate (Chrono Boost)  
  22  2:24  Stalker  
  22  2:25  Stalker  
  26  2:33  Pylon  
  26  2:34  Probe  
  27  2:52  Stalker x2  
  27  2:56  Probe  
  31  3:06  Gateway  
  31  3:19  Stalker  
  33  3:23  Stalker  
  33  3:26  Pylon  
  31  4:03  Stalker x3  
  37  4:16  Pylon  
  37  4:25  Stalker x3  
  35  4:47  Stalker x2  
  35  4:49  Stalker  
  37  5:04  Stalker  
  39  5:07  Stalker  
  39  5:12  Zealot  
Tags
 
Add a new tag
Caveats
  • Supply blocks, unpowered buildings, or Contaminate may cause inaccurate times.
  • Supply counts are checked every 10 seconds.